 Dungeon Sprint DCSS version 0.31-a0-859-g9dce7d3444 (webtiles) character file.

Game seed: 4573904708437083327

18704 AiryTheDragon the Brawler (level 12, -10/137 HPs)
             Began as a Black Draconian Shapeshifter on Oct 10, 2023.
             Was a Follower of Uskayaw.
             Shot with an arrow by a deep elf master archer (34 damage)
             ... in the Dungeon (Sprint I: "Red Sonja").
             The game lasted 01:58:45 (4999 turns).

AiryTheDragon the Brawler (DrSh)                    Turns: 4999, Time: 01:58:45

Health: -10/137    AC: 12    Str: 26    XL:     12   Next: 30%
Magic:  17/20      EV: 17    Int: 12    God:    Uskayaw [*.....]
Gold:   587        SH:  5    Dex: 15    Spells: 5/22 levels left

rFire   . .          .
                       - Unarmed
rCold   . . .        (shield currently unavailable)
rNeg    + . .        (body armour unavailable)
rPois   +            (helmet currently unavailable)
rElec   +            (cloak currently unavailable)
rCorr   .            (gloves currently unavailable)
SInv    .            (boots currently unavailable)
Will    .....        u - amulet of reflection
Stlth   ++++         p - +5 ring of evasion
HPRegen 0.00/turn    l - ring of positive energy
MPRegen 0.17/turn

%: no teleportation, reflection
@: short of breath, dragon-form, flying, inhibited regen
A: dragon claw, dragon scales, flying, boosted hp, breathe lightning, AC +8,
giant, unfitting armour, electricity resistance, (cold-blooded), inhibited
regeneration, no potion heal 1, inability to drink after injury 1
a: Breathe Lightning, Begin Untransformation, Renounce Religion, Stomp


You were in the Dungeon.
You worshipped Uskayaw.
Uskayaw was aware of your devotion.
You were a fearsome storm dragon!
You visited 1 branch You collected 3478 gold pieces.
You spent 2891 gold pieces at shops.

Inventory:

Hand Weapons
 i - a +0 scythe
 j - a +0 dagger
 s - a +0 dagger of venom
Missiles
 m - 2 boomerangs
 n - 4 poisoned darts
 t - 5 curare-tipped darts
 w - a throwing net
Magical Staves
 r - a staff of death
 z - the staff "Naashaip" {rF+ rC+ Will- Dex+5 Fire}
   (You took it off a deep elf annihilator in the Dungeon)

   [staff of fire]

   Base accuracy: +5 Base damage: 5 Base attack delay: 1.2 This weapon's minimum
   attack delay (0.6) is reached at skill level 12.
   Dex+5:     It affects your dexterity (+5).
   rF+:       It protects you from fire.
   rC+:       It protects you from cold.
   Will-:     It decreases your willpower.
   Fire:      It increases the power of your Fire spells.
   It falls into the 'Staves' category.
   It is a one-handed weapon.
Jewellery
 l - a ring of positive energy (right foreclaw)
 p - a +5 ring of evasion (left foreclaw)
 u - an amulet of reflection (around neck)
Talismans
 b - a beast talisman
 c - a flux talisman
 k - a serpent talisman
 A - a dragon-blood talisman (active)
Wands
 h - a wand of iceblast (2)
Scrolls
 f - a scroll of immolation
 o - a scroll of fog
 v - 3 scrolls of identify
Potions
 a - a potion of lignification
 d - 3 potions of curing
 e - 2 potions of heal wounds
 g - 2 potions of magic
 q - a potion of might
Miscellaneous
 x - a condenser vane
 y - a phantom mirror


   Skills:
 * Level 12.8 Fighting
 * Level 11.3 Dodging
 + Level 9.8 Stealth
 + Level 15.2 Unarmed Combat
 * Level 5.6 Spellcasting
 + Level 0.3 Conjurations
 * Level 1.3 Hexes
 + Level 4.7 Summonings
 + Level 3.2 Air Magic
 * Level 1.3 Poison Magic
 + Level 9.5 Invocations
 + Level 9.7 Evocations
 * Level 14.1 Shapeshifting


You had 5 spell levels left.
You knew the following spells:

 Your Spells              Type           Power      Damage    Failure   Level
a - Call Imp              Summ           28%        N/A       4%          2
b - Mephitic Cloud        Conj/Pois/Air  7%         N/A       28%         3
c - Magic Dart            Conj           16%        1d3       17%         1
d - Ensorcelled Hibernat  Hex/Ice        8%         N/A       22%         2
e - Passwall              Tmut/Erth      2%         N/A       28%         2
f - Swiftness             Air            11%        N/A       16%         3
g - Olgreb's Toxic Radia  Pois           6%         N/A       73%         4

Your spell library contained the following spells:

 Spells                   Type           Power      Damage    Failure   Level
 Cigotuvi's Dreadful Rot  Necr/Pois/Air  12%        N/A       16%         2
 Ozocubu's Armour         Ice            3%         N/A       50%         3
 Simulacrum               Ice/Necr       1%         N/A       100%        6


Dungeon Overview and Level Annotations

Branches:
Dungeon (1/1)

Altars:
Cheibriados
Dithmenos
Elyvilon
Fedhas
Gozag
Hepliaklqana
Kikubaaqudgha
Makhleb
Nemelex Xobeh
Okawaru
Qazlal
Ru
Sif Muna
Trog
Uskayaw
Vehumet
Wu Jian
Xom
Yredelemnul
Zin
The Shining One
Jiyva
Lugonu

Shops:
D ?:***=[(=?((:*((==:[:

Annotations:
D Lernaean hydra


Innate Abilities, Weirdness & Mutations

You are a fearsome storm dragon!
You have a powerful clawing attack.
Your giant scaled body is strong and resilient, but less evasive.
Your breath weapon is enhanced in this form.
You are flying.
Your maximum health is increased.
Your armour is entirely melded.
You are incapable of wielding weapons or throwing items.
You can breathe wild blasts of lightning.
Your glossy black scales are hard. (AC +8)
You cannot fit into any form of body armour.
You are resistant to electric shocks. (rElec)
((You are cold-blooded and may be slowed by cold attacks.))
You do not regenerate when monsters are visible.
Potions are less effective at restoring your health.
You occasionally lose the ability to drink potions when taking damage.


Message History

The deep elf master archer is heavily wounded.
You barely miss the deep elf master archer.
The deep elf master archer is heavily wounded.
The deep elf master archer seems less confused.
The deep elf master archer wields a +0 longbow.
The deep elf master archer shoots an arrow.
The arrow barely misses you.
You closely miss the deep elf master archer.
Your tail-slap misses the deep elf master archer.
You bite the deep elf master archer, but do no damage.
The deep elf master archer is heavily wounded.
The deep elf master archer shoots an arrow.
The arrow hits you!!
* * * LOW HITPOINT WARNING * * *
The deep elf master archer shoots an arrow.
You block the arrow with an invisible shield... and reflect it back!
The arrow closely misses the deep elf master archer.
You hit the deep elf master archer but do no damage.
The deep elf master archer is heavily wounded.
The deep elf master archer shoots an arrow.
The arrow hits you but does no damage.
Okay, then.
You barely miss the deep elf master archer.
You claw the deep elf master archer!!
The deep elf master archer is almost dead.
The deep elf master archer shoots an arrow.
You block the arrow with an invisible shield... and reflect it back!
The arrow misses the deep elf master archer.
You completely miss the deep elf master archer.
Your claw misses the deep elf master archer.
Your bite misses the deep elf master archer.
The deep elf master archer is almost dead.
The deep elf master archer unwields a +0 longbow.
The deep elf master archer misses you.
You claw the deep elf master archer!
The deep elf master archer is almost dead.
The deep elf master archer wields a +0 longbow.
The deep elf master archer shoots an arrow.
The arrow hits you!!
You die...

..#~~~~~####### .°$
####~~~~#~~~~~#°°○.
#..#'~~~'~~.~~°...
#...##~~#~~~~~#~~
#....######'#####
#....#~~≈≈≈≈≈≈≈≈#
#######~~~~≈≈≈≈≈≈≈≈
#=['$eD~~~~~~~#≈
['}:#$$D$$$$$~~~#
### #############


You could see the 27-headed Lernaean hydra and a deep elf master archer.

Vanquished Creatures
  A lorocyproca (D)
  A deep elf annihilator (D)
  A mummy priest (D)
  2 centaur warriors (D)
  A hydra (D)
  4 demonic crawlers (D)
  Sonja (D)
  A deep troll (D)
  A lindwurm (D)
  2 oklob plants (D)
  8 shining eyes (D)
  2 merfolk sirens (D)
  2 unseen horrors (D)
  2 gargoyles (D)
  2 kobold demonologists (D)
  5 hornets (D)
  A hellwing (D)
  A slime creature (D)
  Sigmund (D)
  A yak (D)
  11 hogs (D)
  2 redbacks (D)
  7 floating eyes (D)
  An ogre (D)
  7 necrophages (D)
  8 jellies (D)
  Ijyb (D)
  A ballistomycete spore (D)
78 creatures vanquished.

Vanquished Creatures (collateral kills)
  2 hogs (D)
2 creatures vanquished.

Vanquished Creatures (others)
  A ballistomycete spore (D)
1 creature vanquished.

Grand Total: 81 creatures vanquished

Notes
Turn   | Place    | Note
-------+----------+-------------------------------------------
     0 | D        | AiryTheDragon the Draconian Shapeshifter began the quest
                  | for the Orb.
     0 | D        | Reached XP level 1. HP: 16/16 MP: 1/1
     2 | D        | Noticed Ijyb
     7 | D        | Killed Ijyb
     8 | D        | Reached skill level 4 in Unarmed Combat
     8 | D        | Reached XP level 2. HP: 23/23 MP: 2/2
    34 | D        | Noticed an ogre
    40 | D        | Killed an ogre
    41 | D        | Reached skill level 6 in Unarmed Combat
    41 | D        | Reached XP level 3. HP: 29/29 MP: 3/3
    41 | D        | Reached XP level 4. HP: 36/36 MP: 4/4
    61 | D        | Noticed Sigmund
    72 | D        | Killed Sigmund
    73 | D        | Reached skill level 7 in Unarmed Combat
    73 | D        | Reached XP level 5. HP: 24/41 MP: 5/5
    73 | D        | Reached XP level 6. HP: 28/48 MP: 6/6
   141 | D        | Found a burning altar of Makhleb.
   141 | D        | Found a viscous altar of Jiyva.
   141 | D        | Found a shimmering altar of Xom.
   141 | D        | Found a corrupted altar of Lugonu.
   141 | D        | Noticed a slime creature
   148 | D        | Killed a slime creature
   149 | D        | Reached skill level 8 in Unarmed Combat
   149 | D        | Reached skill level 5 in Evocations
   211 | D        | Found an ornate altar of the Wu Jian Council.
   211 | D        | Found a shimmering blue altar of Sif Muna.
   213 | D        | Found a radiant altar of Vehumet.
   283 | D        | Found Xenememp's General Store.
   283 | D        | Found an ancient bone altar of Kikubaaqudgha.
   283 | D        | Found a hazy altar of Hepliaklqana.
   283 | D        | Found a hide-covered altar of Uskayaw.
   283 | D        | Found a basalt altar of Yredelemnul.
   283 | D        | Found an opulent altar of Gozag.
   283 | D        | Found a snail-covered altar of Cheibriados.
   283 | D        | Found a sacrificial altar of Ru.
   283 | D        | Found a shadowy altar of Dithmenos.
   283 | D        | Noticed a yak
   284 | D        | Found a stormy altar of Qazlal.
   284 | D        | Found a blossoming altar of Fedhas.
   284 | D        | Found a bloodstained altar of Trog.
   284 | D        | Found an iron altar of Okawaru.
   284 | D        | Found a glowing golden altar of the Shining One.
   284 | D        | Found a glowing silver altar of Zin.
   284 | D        | Found a white marble altar of Elyvilon.
   288 | D        | Killed a yak
   289 | D        | Reached skill level 9 in Unarmed Combat
   289 | D        | Your scales start taking on a glossy black colour.
   289 | D        | Reached XP level 7. HP: 60/60 MP: 7/7
   289 | D        | Gained mutation: You are resistant to electric shocks.
                  | (rElec) [Black Draconian growth]
   289 | D        | Found a sparkling altar of Nemelex Xobeh.
   293 | D        | Bought a potion of berserk rage for 65 gold pieces
   293 | D        | Bought 2 boomerangs for 52 gold pieces
   293 | D        | Bought 4 poisoned darts for 31 gold pieces
   293 | D        | Bought a scroll of fog for 52 gold pieces
   312 | D        | Became a worshipper of Uskayaw the Reveller
   336 | D        | Noticed a kobold demonologist
   337 | D        | Noticed a kobold demonologist
   339 | D        | Reached * piety under Uskayaw
   341 | D        | Reached ** piety under Uskayaw
   344 | D        | Reached *** piety under Uskayaw
   345 | D        | Killed a kobold demonologist
   346 | D        | Reached skill level 5 in Fighting
   346 | D        | Killed a kobold demonologist
   346 | D        | Reached **** piety under Uskayaw
   347 | D        | Reached skill level 5 in Dodging
   347 | D        | Reached skill level 5 in Stealth
   347 | D        | Reached skill level 10 in Unarmed Combat
   347 | D        | Reached skill level 10 in Shapeshifting
   347 | D        | Reached XP level 8. HP: 60/70 MP: 8/8
   416 | D        | Noticed a centaur warrior
   417 | D        | Noticed a centaur warrior
   428 | D        | Killed a centaur warrior
   429 | D        | Reached skill level 11 in Unarmed Combat
   434 | D        | Killed a centaur warrior
   435 | D        | Reached XP level 9. HP: 54/81 MP: 0/9
   558 | D        | Paralysed by a hornet for 3 turns
   563 | D        | Reached skill level 12 in Unarmed Combat
   596 | D        | Noticed an oklob plant
   600 | D        | Killed an oklob plant
   733 | D        | Noticed a deep troll
   736 | D        | Killed a deep troll
   741 | D        | Found Iptu's Armour Emporium.
   761 | D        | Noticed Sonja
   766 | D        | Killed Sonja
   767 | D        | Reached skill level 13 in Unarmed Combat
   767 | D        | Reached XP level 10. HP: 91/91 MP: 10/10
   940 | D        | Reached ***** piety under Uskayaw
   943 | D        | Reached ****** piety under Uskayaw
   949 | D        | Reached skill level 10 in Fighting
   972 | D        | Found Ohenudyo's Antique Weapon Shoppe.
   972 | D        | Found Jemnoa's Armour Shop.
   972 | D        | Found Moqial's Jewellery Boutique.
   974 | D        | Found Gimat's Magic Scroll Emporium.
   974 | D        | Found Fixtarat's Antique Weapon Shop.
   974 | D        | Found Taohog's Weapon Shoppe.
   974 | D        | Found Heleub's Book Boutique.
   974 | D        | Found Zegasukk's General Store.
   974 | D        | Found Femov's Weapon Shop.
   974 | D        | Found Dytim's Antique Weapon Shoppe.
   977 | D        | Found Emusaomeum's Jewellery Boutique.
   978 | D        | Found Cerph's Book Emporium.
   978 | D        | Found Zudeonod's Jewellery Boutique.
   979 | D        | Found Gesch's Book Emporium.
   993 | D        | Bought a dragon-blood talisman for 960 gold pieces
  1037 | D        | Found Fywapteh's Magic Scroll Boutique.
  1045 | D        | Bought a scroll of identify for 22 gold pieces
  1045 | D        | Bought 3 scrolls of identify for 66 gold pieces
  1053 | D        | Noticed a shining eye
  1053 | D        | Noticed a shining eye
  1053 | D        | Noticed a shining eye
  1067 | D        | Reached skill level 1 in Invocations
  1081 | D        | Gained mutation: Potions are less effective at restoring
                  | your health. [a shining eye]
  1082 | D        | Gained mutation: You possess an exceptional clarity of
                  | mind. [a shining eye]
  1084 | D        | Killed a shining eye
  1087 | D        | Noticed a shining eye
  1087 | D        | Noticed a shining eye
  1087 | D        | Noticed a shining eye
  1091 | D        | Noticed a shining eye
  1091 | D        | Noticed a shining eye
  1100 | D        | Paralysed by a floating eye for 2 turns
  1101 | D        | Lost mutation: You possess an exceptional clarity of mind.
                  | [a shining eye]
  1101 | D        | Gained mutation: You occasionally lose the ability to drink
                  | potions when taking damage. [a shining eye]
  1102 | D        | Gained mutation: You do not regenerate when monsters are
                  | visible. [a shining eye]
  1104 | D        | Killed a shining eye
  1104 | D        | Killed a shining eye
  1104 | D        | Killed a shining eye
  1104 | D        | Killed a shining eye
  1105 | D        | Reached skill level 14 in Unarmed Combat
  1105 | D        | Reached skill level 5 in Invocations
  1105 | D        | Reached XP level 11. HP: 101/101 MP: 8/15
  1105 | D        | Killed a shining eye
  1110 | D        | Killed a shining eye
  1140 | D        | Killed a shining eye
  1206 | D        | Found Qaum's Book Shoppe.
  1206 | D        | Found Fofauciruew's General Store.
  1207 | D        | Found Quedd's Assorted Antiques.
  1207 | D        | Found Ofifengego's Jewellery Boutique.
  1256 | D        | Noticed a demonic crawler
  1256 | D        | Noticed a demonic crawler
  1256 | D        | Noticed a demonic crawler
  1256 | D        | Noticed a demonic crawler
  1260 | D        | Killed a demonic crawler
  1261 | D        | Reached skill level 10 in Dodging
  1262 | D        | Killed a demonic crawler
  1265 | D        | Killed a demonic crawler
  1268 | D        | Killed a demonic crawler
  1483 | D        | Noticed a lindwurm
  1489 | D        | Killed a lindwurm
  1568 | D        | Bought a book of Minor Magic for 180 gold pieces
  1571 | D        | Learned a level 2 spell: Call Imp
  1575 | D        | Learned a level 3 spell: Mephitic Cloud
  1577 | D        | Learned a level 1 spell: Magic Dart
  1635 | D        | Reached skill level 1 in Spellcasting
  1635 | D        | Reached skill level 1 in Summonings
  1649 | D        | Noticed a 12-headed hydra
  1656 | D        | Killed a 14-headed hydra
  1657 | D        | Reached skill level 15 in Unarmed Combat
  2050 | D        | Killed a lorocyproca
  2568 | D        | Bought a book of Burglary for 200 gold pieces
  2574 | D        | Bought a scroll of summoning for 95 gold pieces
  2574 | D        | Bought a potion of invisibility for 80 gold pieces
  2574 | D        | Bought a potion of curing for 30 gold pieces
  2649 | D        | Learned a level 2 spell: Ensorcelled Hibernation
  2652 | D        | Learned a level 2 spell: Passwall
  2656 | D        | Learned a level 3 spell: Swiftness
  3046 | D        | Noticed a deep elf annihilator
  3060 | D        | Reached skill level 1 in Air Magic
  3060 | D        | Reached XP level 12. HP: 84/113 MP: 17/19
  3284 | D        | Identified the staff "Naashaip" {rF+ rC+ Will- Dex+5 Fire}
  3292 | D        | Killed a deep elf annihilator
  3453 | D        | Noticed a mummy priest
  3492 | D        | Noticed the 27-headed Lernaean hydra
  4250 | D        | Bought a ring of positive energy for 280 gold pieces
  4254 | D        | Bought the Teachings on Hypothermia and the Scorpion for
                  | 418 gold pieces
  4259 | D        | Learned a level 4 spell: Olgreb's Toxic Radiance
  4267 | D        | Bought an amulet of reflection for 360 gold pieces
  4335 | D        | Noticed a daeva
  4713 | D        | Noticed a shadow dragon
  4713 | D        | Noticed a golden dragon
  4796 | D        | Killed a mummy priest
  4797 | D        | Reached skill level 5 in Spellcasting
  4797 | D        | Reached skill level 1 in Hexes
  4797 | D        | Reached skill level 1 in Poison Magic
  4986 | D        | Noticed a deep elf master archer
  4999 | D        | Shot with an arrow by a deep elf master archer

Illustrated notes

Levels and vault maps discovered:
D:        dungeon_sprint_1 [red_sonja_temple_1, red_sonja_temple_small_1]

Skill      XL: |  1  2  3  4  5  6  7  8  9 10 11 12 |
---------------+-------------------------------------+-----
Dodging        | 2 3 4 5 7 8 9 11 | 11.3
Unarmed Combat | 4 6 7 9 10 11 13 14 15 | 15.2
Shapeshifting  | 4 6 8 9 10 11 12 13 14 | 14.1
Evocations     | 2 4 5 6 8 9 |  9.7
Fighting       | 2 4 6 7 9 10 12 | 12.8
Stealth        | 3 5 6 7 8 9 |  9.8
Invocations    | 5 9 |  9.5
Spellcasting   | 3 5 |  5.6
Summonings     | 3 4 |  4.7
Air Magic      | 1 3 |  3.2
Hexes          | 1 |  1.3
Poison Magic   | 1 |  1.3
Conjurations   | |  0.3

Action                     |  1- 3 |  4- 6 |  7- 9 | 10-12 || total
---------------------------+-------+-------+-------+-------++-------
  Melee: Unarmed           |     4 |    24 |    29 |    97 ||   154
         Tailslap          |       |     3 |       |    11 ||    14
         Constrict         |       |     1 |     7 |     5 ||    13
         Bite              |       |       |       |     9 ||     9
         Punch             |       |       |       |     4 ||     4
   Cast: Call Imp          |       |       |       |    23 ||    23
         Swiftness         |       |       |       |     7 ||     7
         Mephitic Cloud    |       |       |       |     1 ||     1
 Invoke: Line Pass         |       |       |     3 |     2 ||     5
         Stomp             |       |       |       |     1 ||     1
         Grand Finale      |       |       |       |     1 ||     1
Ability: Breathe Lightning |       |       |       |     4 ||     4
  Evoke: Wand              |     3 |     1 |     1 |    12 ||    17
         Phantom mirror    |       |       |       |     4 ||     4
         Condenser vane    |       |       |       |     2 ||     2
    Use: Potion            |     1 |       |     1 |     6 ||     8
         Scroll            |     1 |       |       |     5 ||     6
   Stab: Sleeping          |       |     1 |     3 |     2 ||     6
         Paralysed         |       |       |     3 |     7 ||    10
 Armour: Skin              |     3 |    11 |    43 |   191 ||   248
  Dodge: Dodged            |       |     6 |    17 |    58 ||    81
  Block: Other             |       |       |       |     3 ||     3
         Reflection        |       |       |       |     2 ||     2
   Form: Flux              |       |     1 |       |       ||     1
         Anaconda          |       |     1 |       |       ||     1
         Dragon            |       |       |       |     1 ||     1

Table legend: (Time is in decaauts)
 A = Elapsed time spent in this place.
 B = Non-inter-level travel time spent in this place.
 C = Inter-level travel time spent in this place.
 D = Time resting spent in this place.
 E = Time spent auto-exploring this place.
 F = Levels seen in this place.
 G = Mean time per level.
                   A        B        C        D        E       F      G
               +--------+--------+--------+--------+--------+-----+--------+
         Total |   4927 |   4594 |    333 |   3177 |      0 |   1 | 4927.0 |
       Dungeon |   4927 |   4594 |    333 |   3177 |      0 |   1 | 4927.0 |
               +--------+--------+--------+--------+--------+-----+--------+

Top non-repeatable levels by time:
       D: 4927 daAuts
